 Dungeon Crawl Stone Soup version 0.29-a0-1008-g949cc1d0fb (webtiles) character file.

Game seed: 1232655193286345677

232991 freelancePsychic the Warrior (level 18, -9/160 HPs)
             Began as a White Draconian Monk on Aug 7, 2022.
             Was the Champion of Hepliaklqana.
             Succumbed to a naga ritualist's toxic radiance
             ... on level 2 of the Snake Pit.
             The game lasted 01:00:18 (37760 turns).

freelancePsychic the Warrior (DrMo)                Turns: 37760, Time: 01:00:19

Health: -9/160     AC: 19    Str: 15    XL:     18   Next: 83%
Magic:  21/21      EV: 27    Int: 17    God:    Hepliaklqana [******]
Gold:   925        SH:  5    Dex: 27    Spells: 9/19 levels left

rFire   + . .      SeeInvis .   b - +3 arbalest (flame)
rCold   + + .      Faith    .   (shield currently unavailable)
rNeg    . . .      Spirit   .   (body armour unavailable)
rPois   x          Reflect  +   O - +1 hat
rElec   .          Harm     .   J - +1 cloak of the Imbibing Gods {rC+}
rCorr   .          Rampage  .   z - +0 pair of gloves of Loommun {rF+ Int+7 Stlth+}
Will    +....                   g - +0 pair of boots {Stlth+}
Stlth   +++++.....              C - amulet of reflection
HPRegen 0.36/turn               X - +4 ring of protection
MPRegen 0.17/turn               v - ring of Moderation {Dex+6 Slay+6}

@: lethally poisoned (-9 -> -68), poison vulnerable
A: reduced essence, breathe frost, AC +10, unfitting armour, cold resistance 1,
cold-blooded, low MP 1
}: 1/15 runes: decaying
a: Breathe Frost, Renounce Religion, Recall Ancestor, Ancestor Identity,
Transference, Idealise


You were on level 2 of the Snake Pit.
You worshipped Hepliaklqana.
Hepliaklqana was exalted by your worship.
You visited 7 branches of the dungeon, and saw 33 of its levels.
You visited the Abyss 1 time.
You also visited: Ice Cave.

You collected 4197 gold pieces.
You spent 3272 gold pieces at shops.

Inventory:

Hand Weapons
 a - the +12 sling "Leupuez" {vorpal, rF++}
   (You found it on level 2 of the Dungeon)

   Any ammunition fired from it inflicts extra damage upon your enemies.
   rF:        It greatly protects you from fire.
 b - a +3 arbalest of flaming (weapon)
Missiles
 k - 3 throwing nets
Armour
 g - a +0 pair of boots of stealth (worn)
 z - the +0 pair of gloves of Loommun (worn) {rF+ Int+7 Stlth+}
   (You found it on level 4 of the Swamp)

   Int:       It affects your intelligence (+7).
   rF:        It protects you from fire.
   Stlth:     It makes you more stealthy.
 J - the +1 cloak of the Imbibing Gods (worn) {rC+}
   (You bought it in a shop on level 9 of the Dungeon)

   rC:        It protects you from cold.
 O - a +1 hat (worn)
Jewellery
 c - a ring of resist corrosion
 v - the ring of Moderation (right hand) {Dex+6 Slay+6}
   (You bought it in a shop on level 1 of the Snake Pit)

   [ring of dexterity]

   Dex:       It affects your dexterity (+6).
   Slay:      It affects your accuracy & damage with ranged weapons and melee
   (+6).
 C - an amulet of reflection (around neck)
 P - a ring of protection from fire
 T - a ring of fire
 U - a ring of see invisible
 W - a ring of ice
 X - a +4 ring of protection (left hand)
 Y - an amulet of guardian spirit
Wands
 f - a wand of iceblast (7)
 s - a wand of paralysis (57)
 A - a wand of flame (15)
 D - a wand of digging (8)
 H - a wand of polymorph (13)
 R - a wand of acid (12)
Scrolls
 d - 5 scrolls of enchant weapon
 j - 3 scrolls of immolation
 l - 7 scrolls of teleportation {@r4}
 m - 3 scrolls of brand weapon
 q - 4 scrolls of magic mapping
 r - 4 scrolls of enchant armour
 t - 4 scrolls of vulnerability
 w - 4 scrolls of amnesia
 x - a scroll of silence
 y - 3 scrolls of poison
 N - 3 scrolls of fog
 Q - 21 scrolls of identify {@r1}
 V - 3 scrolls of fear
Potions
 e - 4 potions of might
 h - 8 potions of mutation
 i - 6 potions of heal wounds {@q2}
 o - 11 potions of curing {@q1}
 p - 8 potions of brilliance
 u - 10 potions of flight
 B - 6 potions of lignification
 E - 3 potions of haste {@q3}
 F - 4 potions of resistance
 G - 8 potions of ambrosia
 I - a potion of magic
 M - 9 potions of attraction
 S - 7 potions of berserk rage
 Z - 2 potions of cancellation
Miscellaneous
 K - a phantom mirror
 L - a condenser vane (inert)


   Skills:
 - Level 20.0 Fighting
 - Level 3.6 Long Blades
 - Level 18.0 Ranged Weapons
 - Level 14.6 Dodging
 - Level 1.8 Stealth
 * Level 1.0 Spellcasting
 + Level 12.5 Ice Magic
 - Level 7.6 Invocations
 - Level 11.7 Evocations


You had 9 spell levels left.
You knew the following spells:

 Your Spells              Type           Power      Damage    Failure   Level
a - Ozocubu's Armour      Ice            43%        N/A       1%          3
b - Ozocubu's Refrigerat  Ice            21%        4d12      71%         7

Your spell library contained the following spells:

 Spells                   Type           Power      Damage    Failure   Level
 Apportation              Tloc           0%         N/A       22%         1
 Foxfire                  Conj/Fire      0%         2x1d4     22%         1
 Necrotise                Necr           0%         1d4       22%         1
 Summon Small Mammal      Summ           0%         N/A       22%         1
 Static Discharge         Conj/Air       0%         3-3/arc   32%         2
 Sublimation of Blood     Necr           0%         N/A       32%         2
 Metabolic Englaciation   Hex/Ice        11%        N/A       41%         5
 Call Canine Familiar     Summ           0%         N/A       54%         3
 Conjure Flame            Conj/Fire      0%         6-21      54%         3
 Dazzling Flash           Conj/Hex       0%         N/A       54%         3
 Gell's Gravitas          Tloc           0%         N/A       54%         3
 Inner Flame              Hex/Fire       0%         N/A       54%         3
 Portal Projectile        Hex/Tloc       0%         N/A       54%         3
 Stone Arrow              Conj/Erth      0%         3d7       54%         3
 Summon Guardian Golem    Hex/Summ       0%         N/A       54%         3
 Teleport Other           Tloc           0%         N/A       54%         3
 Tukima's Dance           Hex            0%         N/A       54%         3
 Airstrike                Air            0%         2d(0-16)  91%         4
 Animate Dead             Necr           0%         N/A       91%         4
 Cause Fear               Hex            0%         N/A       91%         4
 Flame Wave               Conj/Fire      0%         2d4       91%         4
 Leda's Liquefaction      Hex/Erth       0%         N/A       91%         4
 Olgreb's Toxic Radiance  Pois           0%         N/A       91%         4
 Passage of Golubria      Tloc           0%         N/A       91%         4
 Petrify                  Tmut/Erth      0%         N/A       91%         4
 Summon Lightning Spire   Summ/Air       0%         N/A       91%         4
 Simulacrum               Ice/Necr       11%        N/A       94%         6
 Agony                    Necr           0%         N/A       99%         5
 Alistair's Intoxication  Tmut/Pois      0%         N/A       99%         5
 Borgnjor's Vile Clutch   Necr/Erth      0%         N/A       99%         5
 Fireball                 Conj/Fire      0%         3d3       99%         5
 Irradiate                Conj/Tmut      0%         3d11      99%         5
 Iskenderun's Battlesphe  Conj           0%         2d6       99%         5
 Lightning Bolt           Conj/Air       0%         1d11      99%         5
 Silence                  Hex/Air        0%         N/A       99%         5
 Yara's Violent Unravell  Hex/Tmut       0%         3d3       99%         5
 Conjure Ball Lightning   Conj/Air       0%         3x3d6     100%        6
 Death Channel            Necr           0%         N/A       100%        6
 Dispersal                Tloc           0%         N/A       100%        6
 Statue Form              Tmut/Erth      0%         N/A       100%        6
 Dragon Form              Tmut           0%         N/A       100%        7
 Orb of Destruction       Conj           0%         9d5       100%        7
 Spellforged Servitor     Conj/Summ      0%         N/A       100%        7
 Discord                  Hex            0%         N/A       100%        8
 Ignition                 Fire           0%         3d3       100%        8
 Lehudib's Crystal Spear  Conj/Erth      0%         10d2      100%        8
 Maxwell's Capacitive Co  Air            0%         ∞         100%        8
 Dragon's Call            Summ           0%         N/A       100%        9
 Animate Armour           Summ/Erth      Unusable   N/A       N/A         4

Dungeon Overview and Level Annotations

Branches:
Dungeon (15/15)            Temple (1/1) D:4            Lair (5/5) D:8
  Swamp (4/4) Lair:3        Snake (3/4) Lair:2        Slime (0/5) Lair:4
    Orc (2/2) D:10            Elf (3/3) Orc:2        Vaults (0/5) D:14
 Depths (0/4) D:15          IceCv (visited)

Altars:
Ashenzari
Cheibriados
Dithmenos
Elyvilon
Fedhas
Gozag
Hepliaklqana
Kikubaaqudgha
Makhleb
Nemelex Xobeh
Okawaru
Qazlal
Ru
Sif Muna
Trog
Uskayaw
Vehumet
Wu Jian
Xom
Yredelemnul
Zin
The Shining One
Jiyva

Shops:
D:4 *   D:9 [   Orc:2 [[*[   Elf:1 :=:   Snake:1 (*[?   Snake:2 (

Portals:
Trove: D:14 (give +4 demon whip)

Annotations:
Lair:4 Rupert
Lair:5 1 runed translucent door, MegasTu's ghost, journeyman GnHW
Snake:1 3 runed translucent doors, Ciawup's ghost, adept MiBe
Elf:2 5 runed translucent doors


Innate Abilities, Weirdness & Mutations

Your life essence is reduced to manifest your ancestor. (-10% HP)
You can breathe waves of freezing cold which knock back foes.
Your icy white scales are hard. (AC +10)
You cannot fit into any form of body armour.
Your flesh is cold resistant. (rC+)
You are cold-blooded and may be slowed by cold attacks.
Your magical capacity is low. (-10% MP)


Message History

The naga warrior completely misses you.
The guardian serpent barely misses Orma.
Blink to where?
Press: ? - help, Dir - move target, p - naga warrior You escape the naga warrior's grasp.
As you read the scroll of blinking, it crumbles to dust.
* * * LOW HITPOINT WARNING * * *
You feel extremely sick.
* * * LOW HITPOINT WARNING * * *
You are more poisoned.
Orma blocks the black mamba's attack.
The black mamba is struck by lightning.
You kill the black mamba!
The salamander is struck by lightning.
The salamander sizzles in the rain.
The guardian serpent hits Orma but does no damage.
Orma hits the guardian serpent with a +0 broad axe of flaming!
Orma burns the guardian serpent.
Orma hits the naga warrior with a +0 broad axe of flaming.
Orma burns the naga warrior.
The naga warrior dies!
Orma closely misses the black mamba.
The black mamba barely misses you.
Orma blocks the black mamba's attack.
* * * LOW HITPOINT WARNING * * *
You feel extremely sick.
* * * LOW HITPOINT WARNING * * *
You are more poisoned.
The anaconda completely misses you. The anaconda bites you!
* * * LOW HITPOINT WARNING * * *
You block the black mamba's attack.
Orma blocks the black mamba's attack.
The guardian serpent hits Orma but does no damage.
Orma misses the guardian serpent.
Orma misses the black mamba.
The anaconda closely misses you.
The anaconda bites you but does no damage.
The black mamba is struck by lightning.
You kill the black mamba!
The guardian serpent hits Orma!
The naga ritualist completely misses you.
You block the naga ritualist's attack.
Orma blocks the black mamba's attack.
Your Spellcasting skill increases to level 1!
You climb upwards.
You die...

'........# #..#
#........## ##.##
#.........# ##..#
..........###..##
...#####.......##
#..#...##...)...#
#).#....#...##..##
#)##...##.#####.S#
'.#.....### ##@##
#.#.....# ##N#
#.##...#### ###
#.#....##.# ###
#.#.....'.## ##.#
#.#'...##..####.##
#..##..#....#...#
....####.......##
...............##


You could see an anaconda and a naga ritualist (toxic aura).

Vanquished Creatures
  A thorn hunter (Swamp:3)
  Donald (Swamp:1)
  A nagaraja (Snake:2)
  2 fenstrider witches
  A frost giant (D:14)
  Aizul (Elf:3)
  A deep elf sorcerer (Elf:3)
  An orc warlord (Orc:2)
  A reaper (IceCv)
  A starcursed mass (Abyss:2)
  A deep elf annihilator (Elf:1)
  3 eleionomae
  A bunyip (Swamp:3)
  3 deep elf demonologists
  Azrael (D:13)
  An eidolon (Abyss:2)
  2 shambling mangroves
  A fire dragon (Lair:5)
  20 hydras
  A catoblepas (D:14)
  3 boulder beetles
  A vault guard (D:14)
  A ghost crab (Swamp:3)
  5 anacondas
  17 alligators
  2 centaur warriors
  4 naga warriors (Snake:2)
  5 two-headed ogres
  10 dancing weapons
  2 death yaks (Lair:5)
  Urug (D:10)
  2 shock serpents
  3 orc high priests (Orc:2)
  2 thrashing horrors (Abyss:2)
  A spriggan berserker (Swamp:4)
  3 naga sharpshooters
  7 spriggans
  3 deep elf knights
  A salamander mystic (Snake:2)
  4 skeletal warriors
  5 goliath frogs
  2 sixfirhies (Abyss:2)
  Lodul (D:10)
  A flayed ghost (D:14)
  5 spriggan druids
  4 swamp dragons (Swamp:4)
  Pikel (D:7)
  5 bog bodies
  10 deep elf archers
  5 lindwurms
  15 deep elf pyromancers
  A necromancer (D:15)
  14 deep elf zephyrmancers
  3 orc knights (Orc:2)
  3 wizards
  2 mana vipers
  6 cyclopes
  2 will-o-the-wisps
  A mana viper (shapeshifter) (Abyss:2)
  7 ugly things
  5 orc sorcerers
  A worldbinder (Abyss:2)
  4 manticores
  36 elephants
  A guardian serpent (shapeshifter) (D:14)
  3 guardian serpents
  18 black mambas
  11 naga magi
  A water nymph (shapeshifter) (Elf:1)
  An ice statue (IceCv)
  2 gargoyles
  3 torpor snails (Lair:5)
  5 cane toads
  2 centaur skeletons (D:15)
  A rime drake (shapeshifter) (Elf:1)
  An unseen horror (shapeshifter) (D:14)
  4 komodo dragons
  4 rime drakes
  A tengu conjurer (D:15)
  A freezing wraith (IceCv)
  A yaktaur (D:15)
  2 efreet
  2 anaconda simulacra (IceCv)
  An ancient zyme (Abyss:2)
  2 polar bears
  6 trolls
  9 tyrant leeches
  A blink frog (shapeshifter) (D:14)
  3 bloated husks
  9 hornets
  5 slime creatures
  17 blink frogs
  7 dream sheep (Lair:5)
  2 raiju (Abyss:2)
  A shadow (D:10)
  6 water elementals
  2 ynoxinuls (Abyss:2)
  2 wyverns
  A dire elephant simulacrum (IceCv)
  A yak (shapeshifter) (D:14)
  32 yaks
  6 basilisks
  2 wraiths
  3 fire elementals (D:13)
  2 hogs (D:14)
  11 humans (D:14)
  A basilisk (shapeshifter) (D:14)
  3 fire bats (Abyss:2)
  14 vampire mosquitoes
  2 steam dragons
  4 wargs
  10 nagas
  17 swamp worms
  14 water moccasins
  An acid dragon (D:12)
  3 hell hounds
  A hydra simulacrum (IceCv)
  A large abomination (Abyss:2)
  2 ice beasts
  2 black bears (D:8)
  A meliai simulacrum (D:15)
  8 swamp drakes
  36 orc warriors
  2 sky beasts (D:7)
  17 ogres
  10 centaurs
  5 small abominations (Abyss:2)
  2 phantoms
  2 lemures (D:7)
  5 kobold brigands
  15 bullfrogs
  An earth elemental (Elf:3)
  3 scorpions
  A necrophage (D:5)
  3 two-headed ogre simulacra (IceCv)
  A cane toad simulacrum (IceCv)
  11 wights
  An elephant simulacrum (IceCv)
  5 howler monkeys
  7 electric eels
  A quasit (Abyss:2)
  21 orc priests
  5 jellies
  A gnoll bouda (D:10)
  3 iguanas
  15 orc wizards
  2 troll simulacra (IceCv)
  A boggart skeleton (D:15)
  4 polar bear simulacra (IceCv)
  8 spriggan simulacra (IceCv)
  2 wolf simulacra (IceCv)
  14 gnolls
  3 adders
  3 naga simulacra (IceCv)
  2 shadow imps (D:7)
  5 white imps
  9 ufetubi
  3 dart slugs
  77 orcs
  10 ball pythons
  7 endoplasms
  2 giant cockroaches
  5 goblins
  5 hobgoblins
  4 jackals (D:2)
  5 quokkas
  2 bats
  2 frilled lizards (D:1)
  18 kobolds
  6 rats
  A briar patch (Swamp:4)
913 creatures vanquished.

Vanquished Creatures (collateral kills)
  Nikola (Swamp:3)
  2 tentacled monstrosities
  Gastronok (Lair:1)
  A thorn hunter (Swamp:4)
  Kirke (D:14)
  A deep elf sorcerer (Elf:2)
  An orc warlord (Orc:2)
  A deep elf elementalist (Elf:3)
  A stone giant (D:14)
  A starcursed mass (Abyss:2)
  A bunyip (Swamp:1)
  An eleionoma (Swamp:4)
  A spriggan air mage (Swamp:4)
  7 hydras
  A vault guard (D:14)
  2 centaur warriors (D:13)
  An alligator (Swamp:3)
  2 naga warriors
  2 dancing weapons (Elf:2)
  A two-headed ogre (Orc:2)
  2 orc high priests
  2 deep elf knights
  3 death yaks (Lair:5)
  2 shock serpents
  2 thrashing horrors (Abyss:2)
  3 skeletal warriors (D:12)
  2 bog bodies
  A spriggan druid (Swamp:4)
  2 swamp dragons
  A lindwurm (Lair:3)
  3 deep elf archers
  4 deep elf zephyrmancers
  An orc knight (Orc:2)
  4 deep elf pyromancers
  3 wizards (D:14)
  A wolf spider zombie (D:15)
  2 ugly things
  3 cyclopes
  An orc sorcerer (Orc:2)
  A necromancer (D:14)
  2 manticores
  A worldbinder (Abyss:2)
  2 naga magi (Snake:2)
  7 elephants
  2 cane toads
  A torpor snail (Lair:5)
  2 unseen horrors
  3 black mambas
  A kobold demonologist (D:13)
  A freezing wraith (D:15)
  3 komodo dragons
  4 trolls
  A tyrant leech (Lair:3)
  2 raiju (Abyss:2)
  2 hornets
  2 blink frogs (Lair:5)
  3 slime creatures
  A vampire (D:14)
  3 spriggans
  7 yaks
  A wyvern (Lair:2)
  A basilisk (Lair:1)
  A steam dragon (D:8)
  A wraith (D:10)
  8 humans (D:14)
  3 water elementals (D:14)
  2 fire elementals (D:13)
  A neqoxec (Abyss:2)
  A death yak simulacrum (IceCv)
  2 vampire mosquitoes
  A basilisk (shapeshifter) (D:14)
  A large abomination (Abyss:2)
  2 swamp worms
  4 nagas
  2 small abominations (Abyss:2)
  2 hell hounds (Abyss:2)
  3 water moccasins
  2 black bears (D:8)
  A swamp drake (Swamp:4)
  An ice beast (D:6)
  13 orc warriors
  A boggart (D:14)
  3 ogres
  A centaur (D:14)
  A phantom (D:5)
  A gnoll sergeant (D:6)
  3 bullfrogs
  A cane toad simulacrum (IceCv)
  2 wights
  An elephant simulacrum (IceCv)
  3 howler monkeys
  An electric eel (D:14)
  4 orc priests
  An iron imp (Abyss:2)
  2 orc wizards (Orc:2)
  3 iguanas
  3 gnolls
  A naga simulacrum (IceCv)
  A white imp (IceCv)
  19 orcs
  2 kobolds
  5 briar patches (Swamp:4)
235 creatures vanquished.

Vanquished Creatures (others)
  A deep elf knight (Elf:2)
  2 bloated husks
  A swamp worm (Swamp:1)
  2 large abominations (Abyss:2)
  A small abomination (Abyss:2)
  24 knights
  An orc priest (Orc:2)
  A briar patch (Swamp:4)
  55 fungi
  91 plants
  4 withered plants (D:14)
183 creatures vanquished.

Grand Total: 1331 creatures vanquished

Notes
Turn   | Place    | Note
-------+----------+-------------------------------------------
     0 | D:1      | freelancePsychic the Draconian Monk began the quest for the
                  | Orb.
     0 | D:1      | Reached XP level 1. HP: 19/19 MP: 1/1
   148 | D:1      | Reached XP level 2. HP: 26/26 MP: 2/2
   986 | D:1      | Found a faded altar of an unknown god.
  1069 | D:2      | Reached XP level 3. HP: 30/31 MP: 3/3
  1108 | D:2      | Identified the +12 sling "Leupuez" {vorpal, rF++}
  1455 | D:2      | Reached skill level 1 in Ranged Weapons
  1633 | D:3      | Identified the +2 war axe of a Gauntlet {elec, Str+3}
  2085 | D:4      | Noticed an ogre
  2102 | D:4      | Killed an ogre
  2103 | D:4      | Reached skill level 4 in Fighting
  2103 | D:4      | Reached XP level 4. HP: 41/41 MP: 4/4
  2103 | D:4      | Reached XP level 5. HP: 47/47 MP: 5/5
  2463 | D:4      | Reached skill level 5 in Fighting
  2463 | D:4      | Reached XP level 6. HP: 45/56 MP: 6/6
  2575 | D:4      | Found a staircase to the Ecumenical Temple.
  2611 | Temple   | Entered the Ecumenical Temple
  2889 | Temple   | Became a worshipper of Hepliaklqana the Forgotten
  2889 | Temple   | Reached * piety under Hepliaklqana
  2889 | Temple   | Reached ** piety under Hepliaklqana
  2930 | D:4      | Found Koqalid's Assorted Antiques.
  2935 | D:4      | Bought a scroll of identify for 54 gold pieces
  2935 | D:4      | Bought a scroll labelled BUSUDDIUFUE for 27 gold pieces
  2935 | D:4      | Bought a scroll labelled FUNLAHE UCLUO for 27 gold pieces
  3087 | D:4      | Remembered your ancestor Orma as a knight
  3309 | D:5      | Entered Level 5 of the Dungeon
  3461 | D:5      | Your scales start taking on an icy white colour.
  3461 | D:5      | Reached XP level 7. HP: 54/54 MP: 7/7
  3461 | D:5      | Gained mutation: Your flesh is cold resistant. (rC+) [White
                  | Draconian growth]
  3475 | D:5      | Reached skill level 5 in Ranged Weapons
  3513 | D:5      | Reached skill level 6 in Fighting
  3650 | D:5      | Reached XP level 8. HP: 63/63 MP: 8/8
  3847 | D:6      | Found a radiant altar of Vehumet.
  3860 | D:6      | Reached skill level 7 in Fighting
  3960 | D:6      | Reached *** piety under Hepliaklqana
  4049 | D:6      | Identified the +7 sling of Superiority {vorpal, *Corrode
                  | rElec rN+ Dex+2}
  4402 | D:7      | Identified the +8 shortbow "Commaone" {flame, +Blink Will++
                  | Stlth+}
  4660 | D:7      | Reached skill level 8 in Fighting
  4686 | D:7      | Reached XP level 9. HP: 57/72 MP: 9/9
  4887 | D:7      | Noticed Pikel
  4900 | D:7      | Killed Pikel
  5270 | D:8      | Reached skill level 9 in Fighting
  5272 | D:8      | Reached skill level 10 in Ranged Weapons
  5295 | D:8      | Reached XP level 10. HP: 48/82 MP: 10/10
  5625 | D:8      | Found a staircase to the Lair.
  5722 | D:8      | Reached **** piety under Hepliaklqana
  5907 | D:8      | Reached skill level 10 in Fighting
  6388 | D:9      | Noticed a two-headed ogre
  6395 | D:9      | Killed a two-headed ogre
  6539 | D:9      | Found Qeqygh's Antique Armour Shoppe.
  6547 | D:9      | Bought a translucent cloak for 237 gold pieces
  6547 | D:9      | Identified the +1 cloak of the Imbibing Gods {rC+} (You
                  | bought it in a shop on level 9 of the Dungeon)
  7168 | D:10     | Entered Level 10 of the Dungeon
  7175 | D:10     | Identified the +6 war axe of Quick Death {vorpal, rF+}
  7213 | D:10     | Found a burning altar of Makhleb.
  7213 | D:10     | Found an ancient bone altar of Kikubaaqudgha.
  7219 | D:10     | Noticed Urug
  7230 | D:10     | Killed Urug
  7231 | D:10     | Reached skill level 1 in Evocations
  7461 | D:10     | Identified the +3 long sword of Cataclysm {elec, Dex+2}
  7502 | D:10     | Reached ***** piety under Hepliaklqana
  7609 | D:10     | Found a staircase to the Orcish Mines.
  7615 | D:10     | Reached skill level 11 in Fighting
  7621 | D:10     | Reached XP level 11. HP: 74/91 MP: 11/11
  7716 | D:10     | Noticed Lodul
  7730 | D:10     | Killed Lodul
  8160 | Lair:1   | Entered Level 1 of the Lair of Beasts
  8692 | Lair:1   | Noticed a five-headed hydra
  8700 | Lair:1   | Killed a five-headed hydra
  8886 | Lair:1   | Reached skill level 5 in Evocations
  8922 | Lair:1   | Reached skill level 12 in Fighting
  9079 | Lair:1   | Noticed Gastronok
  9093 | Lair:1   | Killed Gastronok
  9428 | Lair:2   | Reached XP level 12. HP: 100/100 MP: 12/12
  9555 | Lair:2   | You fall into a shaft and drop 2 floors!
 10028 | Lair:4   | Reached skill level 13 in Fighting
 10249 | Lair:3   | Identified the +7 shortbow "Xeeg" {vorpal, rC+ MP+9 Dex+4}
 10294 | Lair:3   | Noticed a four-headed hydra
 10309 | Lair:3   | Killed a four-headed hydra
 10523 | Lair:3   | Reached skill level 14 in Fighting
 10588 | Lair:3   | Reached XP level 13. HP: 111/111 MP: 13/13
 10786 | Lair:3   | Reached skill level 5 in Dodging
 10883 | Lair:3   | Found a staircase to the Swamp.
 11679 | Lair:2   | Found a staircase to the Snake Pit.
 12177 | Lair:2   | Reached skill level 10 in Evocations
 12321 | Lair:2   | Upgraded the game from 0.29-a0-1006-g0dd7720b37 to
                  | 0.29-a0-1008-g949cc1d0fb
 12469 | Lair:4   | Reached ****** piety under Hepliaklqana
 12492 | Lair:4   | Found a viscous altar of Jiyva.
 12492 | Lair:4   | Found a staircase to the Slime Pits.
 12596 | Lair:4   | Noticed Rupert
 12617 | Lair:4   | Reached skill level 15 in Fighting
 12871 | Lair:5   | Entered Level 5 of the Lair of Beasts
 13254 | Lair:5   | Found a runed translucent door.
 13258 | Lair:5   | Found a frozen archway.
 13267 | IceCv    | Entered an ice cave
 13992 | IceCv    | Noticed a reaper
 14555 | IceCv    | HP: 5/114 [reaper/+0 scythe of freezing (27)]
 14562 | IceCv    | Killed a reaper
 14563 | IceCv    | Reached XP level 14. HP: 6/121 MP: 12/17
 15237 | Lair:5   | Reached skill level 5 in Invocations
 15542 | Lair:5   | Reached skill level 16 in Fighting
 16114 | Lair:5   | Found a runed translucent door.
 16240 | Lair:5   | Paralysed by a hornet for 3 turns
 16912 | Lair:5   | Found a shimmering altar of Xom.
 16912 | Lair:5   | Noticed MegasTu's ghost (journeyman GnHW)
 17685 | D:11     | Identified the +5 dagger "Nadua" {protect, Dex+3}
 18998 | D:13     | Noticed Azrael
 19004 | D:13     | Killed Azrael
 19005 | D:13     | Reached skill level 17 in Fighting
 19005 | D:13     | Reached XP level 15. HP: 88/132 MP: 20/20
 19262 | D:13     | Reached skill level 10 in Dodging
 19999 | D:14     | Found a gate to the Vaults.
 20609 | D:14     | Reached skill level 15 in Ranged Weapons
 20613 | D:14     | Noticed a frost giant
 20620 | D:14     | Killed a frost giant
 20938 | D:14     | Reached skill level 18 in Fighting
 21072 | D:14     | Found a basalt altar of Yredelemnul.
 21126 | D:14     | Found a portal to a secret trove of treasure.
 21443 | D:14     | Noticed Kirke
 21454 | D:14     | Killed Kirke
 21719 | D:15     | Entered Level 15 of the Dungeon
 22387 | D:15     | Paralysed by an orc sorcerer for 2 turns
 22387 | Abyss:2  | Cast into level 2 of the Abyss (a wizard)
 22522 | Abyss:2  | Reached XP level 16. HP: 99/142 MP: 21/21
 23007 | D:15     | Escaped the Abyss
 23169 | D:15     | Found a staircase to the Depths.
 23539 | D:15     | Found a white marble altar of Elyvilon.
 23718 | Orc:1    | Entered Level 1 of the Orcish Mines
 24055 | Orc:2    | Entered Level 2 of the Orcish Mines
 24771 | Orc:2    | Reached skill level 19 in Fighting
 24931 | Orc:2    | Found Otzaaleq's Antique Armour Boutique.
 24955 | Orc:2    | Found Duacirag's Antique Armour Shop.
 25380 | Orc:2    | Found Mipneuwk's Armour Boutique.
 25577 | Orc:2    | Found Maaxte's Assorted Antiques.
 25832 | Orc:2    | Found a staircase to the Elven Halls.
 26058 | Orc:2    | Bought a runed arbalest for 240 gold pieces
 26064 | Orc:2    | Bought a scroll of enchant armour for 240 gold pieces
 26064 | Orc:2    | Bought a scroll of blinking for 240 gold pieces
 26064 | Orc:2    | Bought a scroll of magic mapping for 240 gold pieces
 26064 | Orc:2    | Bought a metallic grey potion for 28 gold pieces
 26064 | Orc:2    | Bought a glowing blue potion for 28 gold pieces
 26064 | Orc:2    | Bought a pink potion for 28 gold pieces
 26131 | Orc:2    | Bought a pair of runed gloves for 217 gold pieces
 26131 | Orc:2    | Bought a pair of runed gloves for 217 gold pieces
 26368 | D:4      | Bought a scroll of immolation for 108 gold pieces
 26545 | Swamp:1  | Entered Level 1 of the Swamp
 26545 | Swamp:1  | Noticed Donald
 26551 | Swamp:1  | Killed Donald
 27212 | Swamp:1  | Noticed a tentacled monstrosity
 27232 | Swamp:1  | Killed a tentacled monstrosity
 27366 | Swamp:2  | Reached XP level 17. HP: 105/151 MP: 22/22
 28651 | Swamp:3  | Noticed a tentacled monstrosity
 28659 | Swamp:3  | Killed a tentacled monstrosity
 28698 | Swamp:3  | Reached skill level 20 in Fighting
 29406 | Swamp:3  | Noticed Nikola
 29411 | Swamp:3  | Killed Nikola
 29662 | Swamp:4  | Entered Level 4 of the Swamp
 30439 | Swamp:4  | Got a decaying rune of Zot
 30978 | Swamp:4  | Identified the +0 pair of gloves of Loommun {rF+ Int+7
                  | Stlth+}
 31480 | Snake:1  | Entered Level 1 of the Snake Pit
 31550 | Snake:1  | Reached skill level 1 in Ice Magic
 32095 | Elf:1    | Entered Level 1 of the Elven Halls
 32400 | Elf:1    | Gained mutation: Your magical capacity is low. (-10% MP) [a
                  | neqoxec]
 32485 | Elf:1    | Found Naackir's Jewellery Shop.
 32486 | Elf:1    | Found Inariec's Book Emporium.
 32486 | Elf:1    | Found Aptaocs's Book Emporium.
 32593 | Elf:1    | Reached XP level 18. HP: 68/160 MP: 21/21
 33059 | Elf:1    | Learned a level 3 spell: Ozocubu's Armour
 33102 | Elf:1    | Reached skill level 5 in Ice Magic
 34738 | Elf:2    | Found a huge runed translucent gate.
 34738 | Elf:2    | Found a huge runed translucent gate.
 34738 | Elf:2    | Found a huge runed translucent gate.
 34738 | Elf:2    | Found a huge runed translucent gate.
 34738 | Elf:2    | Found a huge runed translucent gate.
 34786 | Elf:3    | Entered Level 3 of the Elven Halls
 34802 | Elf:3    | Noticed Aizul
 34812 | Elf:3    | Killed Aizul
 35526 | Elf:3    | Noticed an Ice Fiend
 35794 | Snake:1  | Found a runed translucent gate.
 35794 | Snake:1  | Found a runed translucent gate.
 35796 | Snake:1  | Found a runed translucent gate.
 35798 | Snake:1  | Noticed Ciawup's ghost (adept MiBe)
 35991 | Snake:1  | Reached skill level 10 in Ice Magic
 36051 | Snake:1  | Found Qyohauje's Magic Scroll Shoppe.
 36051 | Snake:1  | Found Xomann's Antique Weapon Emporium.
 36054 | Snake:1  | Found Yliun's Antique Armour Shoppe.
 36056 | Snake:1  | Found Duethrio's General Store.
 36058 | Snake:1  | Bought a pair of runed boots for 210 gold pieces
 36075 | Snake:1  | Bought a scroll of teleportation for 48 gold pieces
 36078 | Snake:1  | Bought the ring of Moderation {Dex+6 Slay+6} for 1023 gold
                  | pieces
 36101 | Snake:1  | Bought a scroll of fear for 60 gold pieces
 36802 | Snake:2  | Found Uhoatsoj's Weapon Shoppe.
 37748 | Snake:3  | Learned a level 7 spell: Ozocubu's Refrigeration
 37748 | Snake:3  | Found a radiant altar of Vehumet.
 37760 | Snake:3  | Reached skill level 1 in Spellcasting
 37760 | Snake:2  | Succumbed to a naga ritualist's toxic radiance

Illustrated notes

Levels and vault maps discovered:
D:1:      heliophobic_arrival_battle_scene, layout_loops_ring,
          shapermc_ecumenical_altar_petra, chequers_serial_rivers_small_3,
          hex_tiny, minmay_strange_pillars
D:2:      layout_basic, minmay_fountain_box, hex_intersection
D:3:      layout_loops_cross
D:4:      layout_basic, minmay_temple_entry_glassed_door, serial_shops,
          nicolae_shop_crystal, nrook_mini_vaults
D:5:      layout_rooms, kennysheep_nub, hangedman_abyss_or_decor_stabs
D:6:      layout_cave_pools, mainiacjoe_overflow_paths
D:7:      layout_basic, uniq_pikel
D:8:      layout_loops_cross, due_lair_maze_entry_diamond,
          hangedman_abyss_or_decor_passed, dk_rats_in_the_wall
D:9:      layout_basic, serial_shops, shop
D:10:     layout_long_grid, jmf_multi_god_temple, david_orc_3, uniq_lodul,
          uniq_urug
D:11:     layout_loops_ring, hangedman_decor_points,
          minmay_misc_feat_more_columns
D:12:     layout_cave_pools
D:13:     layout_basic, uniq_azrael
D:14:     nzn_winding_woodlands_three_and_one
          [nzn_winding_woodlands_5x15_river_crossing,
          nzn_winding_woodlands_5x15_zeroes,
          nzn_winding_woodlands_5x15_longhouse,
          nzn_winding_woodlands_center_pierced_h], layout_basic,
          grunt_vaults_entry_tiered, yredelemnul_altar_generic, enter_trove_3,
          uniq_kirke
D:15:     grunt_enter_depths_magical_seal, layout_loops_ring,
          nicolae_elyvilon_temple_path
Temple:   compressed_dpeg_triangle_lava_temple
Lair:1:   layout_loops_ring, lemuel_fruit_tree, infiniplex_staircase_pool_2,
          uniq_gastronok
Lair:2:   layout_cellular_growth, guppyfry_snake_entry_island, st_stairs_13
Lair:3:   layout_cave_pods, minmay_swamp_entry_worms, st_stairs_8,
          minmay_lindwurm_lava, infiniplex_staircase_pool
Lair:4:   layout_cave_pods, slime_entry_1, grunt_megastairs_5, uniq_rupert
Lair:5:   wormcave, layout_cave_pods, ebering_ghost_xom,
          portal_ice_cave_entry_pillars_2, grunt_megastairs_2
Swamp:1:  cheibrodos_swamp_monstrosity, layout_basic_swamp,
          nicolae_swamp_ascending_descending, nicolae_swamp_oxbows, uniq_donald
Swamp:2:  layout_falls_marsh, nicolae_swamp_very_dense_foliage
Swamp:3:  layout_falls_marsh, evilmike_swamp_ruin_house_5,
          nicolae_swamp_small_spring, uniq_nikola
Swamp:4:  swamp_basic_johnstein, layout_basic_swamp, statue_in_the_mist_lemuel,
          swamp_pool1
Snake:1:  layout_misc_corridors, gammafunk_ghost_necromancy,
          hangedman_snake_corridor_cut, minmay_shoptagon
Snake:2:  layout_cave_town, serial_shops, nicolae_take_the_stairs,
          hangedman_snake_sidewinding
Snake:3:  layout_grid_shapes, basic_altar
Orc:1:    layout_caves, basic_altar, serial_shops, shop
Orc:2:    pubby_orc_utopia, serial_shops
Elf:1:    layout_gridlike, hangedman_elf_represent, minmay_shop_grove
Elf:2:    elven_hall_of_blades_hangedman_alternative [nicolae_blade_bullseye],
          layout_onion_city
Elf:3:    minmay_elf_hall_four_x, layout_loops_ring, uniq_aizul

Skill      XL: |  1  2  3  4  5  6  7  8  9 10 11 12 13 14 15 16 17 18 |
---------------+-------------------------------------------------------+-----
Dodging        | 3 4 7 9 11 13 14 | 14.6
Ranged Weapons | 2 3 4 6 8 10 12 13 14 15 16 17 18 | 18.0
Fighting       | 4 5 6 8 9 11 12 14 15 17 18 19 20 | 20.0
Evocations     | 3 5 8 10 11 | 11.7
Invocations    | 4 7 |  7.6
Ice Magic      | 4 12 | 12.5
Spellcasting   | 1 |  1.0
Long Blades    | |  3.6
Stealth        | |  1.8

Action                   |  1- 3 |  4- 6 |  7- 9 | 10-12 | 13-15 | 16-18 || total
-------------------------+-------+-------+-------+-------+-------+-------++-------
Melee: Falchion          |    71 |       |       |       |       |       ||    71
       Tailslap          |     4 |       |       |       |       |       ||     4
       Punch             |     1 |       |       |       |       |       ||     1
 Fire: Sling             |    29 |    47 |   156 |   479 |  1363 |   645 ||  2719
       Arbalest          |       |       |       |       |       |   832 ||   832
 Cast: Ozocubu's Armour  |       |       |       |       |       |     1 ||     1
Invok: Ancestor Life: Kn |       |     1 |       |       |       |       ||     1
       Ancestor Identity |       |     1 |       |       |       |       ||     1
       Recall Ancestor   |       |       |     1 |     1 |     5 |     2 ||     9
       Idealise          |       |       |       |       |     4 |     2 ||     6
 Abil: Breathe Frost     |       |       |       |     2 |     5 |       ||     7
Evoke: Condenser vane    |       |       |       |     1 |     3 |     6 ||    10
       Wand              |       |       |       |       |    15 |    17 ||    32
       Phantom mirror    |       |       |       |       |       |     1 ||     1
  Use: Scroll            |     3 |     5 |     7 |    10 |    11 |    16 ||    52
       Potion            |       |       |       |     1 |     5 |     7 ||    13
 Stab: Sleeping          |     3 |       |       |       |       |       ||     3
Armor: Skin              |    21 |       |     6 |    30 |   105 |   103 ||   265
Dodge: Dodged            |    37 |     4 |    15 |    52 |   241 |   353 ||   702
Block: Other             |       |       |     5 |    19 |    73 |    77 ||   174
       Reflection        |       |       |     1 |     1 |     4 |    12 ||    18

Table legend: (Time is in decaauts)
 A = Elapsed time spent in this place.
 B = Non-inter-level travel time spent in this place.
 C = Inter-level travel time spent in this place.
 D = Time resting spent in this place.
 E = Time spent auto-exploring this place.
 F = Levels seen in this place.
 G = Mean time per level.
                   A        B        C        D        E       F      G
               +--------+--------+--------+--------+--------+-----+--------+
         Total |  37479 |  34859 |   2620 |   1312 |  28455 |  35 | 1070.8 |
       Dungeon |  13726 |  12602 |   1124 |     80 |  10670 |  15 |  915.1 |
        Temple |    283 |    278 |      5 |      0 |    250 |   1 |  283.0 |
          Lair |   7913 |   7199 |    714 |    664 |   5594 |   5 | 1582.6 |
         Swamp |   5156 |   4890 |    266 |    459 |   3783 |   4 | 1289.0 |
     Snake Pit |   2081 |   2029 |     52 |      0 |   1728 |   3 |  693.7 |
  Orcish Mines |   2524 |   2218 |    306 |      0 |   1765 |   2 | 1262.0 |
   Elven Halls |   3515 |   3366 |    149 |    109 |   2775 |   3 | 1171.7 |
         Abyss |    572 |    572 |      0 |      0 |    412 |   1 |  572.0 |
      Ice Cave |   1705 |   1705 |      0 |      0 |   1478 |   1 | 1705.0 |
               +--------+--------+--------+--------+--------+-----+--------+

Top non-repeatable levels by time:
  Lair:5: 2253 daAuts
   Orc:2: 2184 daAuts
 Swamp:4: 1796 daAuts
    D:14: 1764 daAuts
   IceCv: 1705 daAuts
   Elf:1: 1623 daAuts
  Lair:2: 1561 daAuts
  Lair:4: 1458 daAuts
  Lair:1: 1387 daAuts
 Snake:2: 1330 daAuts
 Swamp:2: 1299 daAuts
  Lair:3: 1253 daAuts
    D:15: 1215 daAuts
 Swamp:3: 1199 daAuts
   Elf:2: 1152 daAuts
